 Dungeon Sprint DCSS version 0.17-a0-1863-g715b4b0 (webtiles) character file.

1649 luca467 the Martial Artist (level 8, -4/106 HPs)
             Began as a Demonspawn Monk on Sept 20, 2015.
             Was a High Priest of Trog.
             Slain by a komodo dragon (23 damage)
             ... in the Dungeon (Sprint IX: "|||||||||||||||||||||||||||||").
             The game lasted 00:07:40 (900 turns).

luca467 the Martial Artist (Demonspawn Monk)         Turns: 900, Time: 00:07:40

Health: -4/106     AC:  7    Str: 20    XL:     8   Next: 67%
Magic:  8/8        EV: 19    Int: 14    God:    Trog [*****.]
Gold:   14         SH:  0    Dex: 18    Spells: 0 memorised, 7 levels left

rFire  . . .     SeeInvis .       - Unarmed
rCold  . . .     Clarity  .     a - +0 robe
rNeg   . . .     SustAt   .     (no shield)
rPois  .         Gourm    .     l - +0 helmet
rElec  .         Spirit   .     (no cloak)
rCorr  .         Warding  .     k - +0 pair of gloves
rMut   .         NoTele   +     (no boots)
MR     .....                    (no amulet)
Stlth  ..........               m - +3 ring of intelligence
                                n - +3 ring of strength

@: berserking, very quick, not resistant to hostile enchantments, extremely
unstealthy
A: yellow scales 2, spiny 1
a: Burn Spellbooks, Berserk, Trog's Hand, Brothers in Arms, Renounce Religion


You were in the Dungeon.
You worshipped Trog.
Trog was extremely pleased with you.
You were hungry.

You visited 1 branch You collected 14 gold pieces.

Inventory:

Armour
 a - a +0 robe (worn)
 k - a +0 pair of gloves (worn)
 l - a +0 helmet (worn)
Jewellery
 m - a +3 ring of intelligence (right hand)
 n - a +3 ring of strength (left hand)
Magical devices
 j - a wand of draining (7)
Scrolls
 h - 4 scrolls of remove curse
 p - a scroll of identify
 q - 2 scrolls of fear
 r - a scroll of fog
 s - 2 scrolls of enchant weapon
Potions
 c - a potion of invisibility
 e - 3 potions of curing
 f - 4 potions of magic
 g - 3 potions of berserk rage
 o - a potion of haste
Comestibles
 b - a bread ration


   Skills:
 + Level 9.4 Fighting
 + Level 8.6 Dodging
 + Level 9.0 Stealth
 * Level 11.7 Unarmed Combat


You had 7 spell levels left.
You didn't know any spells.

Dungeon Overview and Level Annotations

Branches:
Dungeon (1/1)

Altars:
Cheibriados
Dithmenos
Elyvilon
Fedhas
Gozag
Kikubaaqudgha
Makhleb
Nemelex Xobeh
Okawaru
Qazlal
Ru
Sif Muna
Trog
Vehumet
Xom
Yredelemnul
Zin
The Shining One
Beogh
Jiyva
Lugonu


Innate Abilities, Weirdness & Mutations

You are mostly covered in yellow scales (AC +3).
You are partially covered in sharp spines.


Message History

The komodo dragon is struck by your spines.
The komodo dragon barely misses you.
You hit the komodo dragon.
The komodo dragon is severely wounded.
The komodo dragon completely misses you.
Drink which item? (? for menu, Esc to quit)
You feel better. The komodo dragon bites you!!
* * * LOW HITPOINT WARNING * * *
Drink which item? (? for menu, Esc to quit)
You feel better.
The komodo dragon is struck by your spines.
The komodo dragon bites you.
* * * LOW HITPOINT WARNING * * *
Drink which item? (? for menu, Esc to quit)
Okay, then.
Use which ability?
A red film seems to cover your vision as you go berserk!
You feel yourself moving faster!
You feel mighty!
You feel somewhat more hungry. The komodo dragon bites you!!
You die...

▓.▓.▓
▓)▓.▓
▓|▓.▓
▓?▓.▓
▓.▓.▓
▓'▓.▓
▓_▓.▓
▓_▓.▓
▓_▓@▓
▓_▓l▓
▓_▓l▓
▓_▓.▓
▓_▓.▓
▓_▓.▓
▓_▓.▓
▓_▓.▓.▓
▓_▓.▓h▓


You could see a komodo dragon and an iguana.

Vanquished Creatures
  A komodo dragon (D)
  A blink frog (D)
  A slime creature (D)
  A yak (D)
  A hungry ghost (D)
  A wyvern (D)
  A wolf (D)
  A wasp (D)
  A crocodile (D)
  2 centaurs (D)
  A scorpion (D)
  A crimson imp (D)
  A hound (D)
  2 adders (D)
  2 shadow imps (D)
  An adder zombie (D)
  A bat skeleton (D)
  A kobold (D)
  A ball python skeleton (D)
  A bat (D)
  A quokka zombie (D)
  3 rats (D)
27 creatures vanquished.

Notes
Turn   | Place    | Note
--------------------------------------------------------------
     0 | D        | luca467 the Demonspawn Monk began the quest for the Orb.
     0 | D        | Reached XP level 1. HP: 18/18 MP: 1/1
    12 | D        | Reached skill level 4 in Unarmed Combat
    36 | D        | Noticed a centaur
    36 | D        | Noticed a centaur
    47 | D        | Gained mutation: You are partially covered in sharp spines. [demonic ancestry]
    47 | D        | Reached XP level 2. HP: 13/25 MP: 2/2
    56 | D        | Killed a centaur
    56 | D        | Reached skill level 6 in Unarmed Combat
    56 | D        | Reached XP level 3. HP: 13/32 MP: 3/3
    56 | D        | Reached XP level 4. HP: 15/38 MP: 4/4
    64 | D        | Killed a centaur
    64 | D        | Reached skill level 5 in Fighting
    64 | D        | Reached skill level 5 in Dodging
    64 | D        | Reached skill level 5 in Stealth
    64 | D        | Reached skill level 7 in Unarmed Combat
    64 | D        | Gained mutation: You are partially covered in yellow scales (AC +2). [demonic ancestry]
    64 | D        | Reached XP level 5. HP: 6/46 MP: 5/5
   348 | D        | Found a glowing silver altar of Zin.
   348 | D        | Found a glowing golden altar of the Shining One.
   348 | D        | Found an ancient bone altar of Kikubaaqudgha.
   348 | D        | Found a basalt altar of Yredelemnul.
   348 | D        | Found a shimmering altar of Xom.
   348 | D        | Found a radiant altar of Vehumet.
   349 | D        | Found an iron altar of Okawaru.
   350 | D        | Found a burning altar of Makhleb.
   351 | D        | Found a deep blue altar of Sif Muna.
   352 | D        | Found a bloodstained altar of Trog.
   353 | D        | Found a sparkling altar of Nemelex Xobeh.
   354 | D        | Found a white marble altar of Elyvilon.
   355 | D        | Found a roughly hewn altar of Beogh.
   356 | D        | Found a viscous altar of Jiyva.
   357 | D        | Found a corrupted altar of Lugonu.
   358 | D        | Found a blossoming altar of Fedhas.
   359 | D        | Found a snail-covered altar of Cheibriados.
   360 | D        | Became a worshipper of Trog the Wrathful
   360 | D        | Acquired Trog's first power
   360 | D        | Acquired Trog's second power
   361 | D        | Found a shadowy altar of Dithmenos.
   362 | D        | Found a stormy altar of Qazlal.
   363 | D        | Found an opulent altar of Gozag.
   364 | D        | Found a sacrificial altar of Ru.
   402 | D        | Noticed a crimson imp
   402 | D        | Noticed a scorpion
   406 | D        | Killed a scorpion
   411 | D        | Reached skill level 8 in Unarmed Combat
   415 | D        | Killed a crimson imp
   415 | D        | Gained mutation: You are mostly covered in yellow scales (AC +3). [demonic ancestry]
   415 | D        | Reached XP level 6. HP: 45/53 MP: 6/6
   479 | D        | Noticed a slime creature
   479 | D        | Noticed a wasp
   479 | D        | Noticed a hungry ghost
   479 | D        | Noticed a hound
   479 | D        | Noticed a wyvern
   483 | D        | Killed a wyvern
   483 | D        | Reached skill level 9 in Unarmed Combat
   489 | D        | Killed a hound
   497 | D        | Killed a hungry ghost
   497 | D        | Reached XP level 7. HP: 45/60 MP: 7/7
   514 | D        | Killed a slime creature
   514 | D        | Acquired Trog's third power
   514 | D        | Reached skill level 10 in Unarmed Combat
   516 | D        | Killed a wasp
   797 | D        | Noticed a blink frog
   797 | D        | Noticed an iguana
   797 | D        | Noticed a yak
   797 | D        | Noticed a wolf
   797 | D        | Noticed a crocodile
   797 | D        | Noticed a komodo dragon
   800 | D        | Noticed a komodo dragon
   813 | D        | Killed a komodo dragon
   813 | D        | Reached skill level 11 in Unarmed Combat
   813 | D        | Reached XP level 8. HP: 48/69 MP: 8/8
   816 | D        | Killed a crocodile
   817 | D        | Noticed a wolf
   821 | D        | Killed a wolf
   827 | D        | Killed a blink frog
   889 | D        | Killed a yak
   900 | D        | Slain by a komodo dragon

Vault maps used:
D:        linesprint

Action                   |  1- 3 |  4- 6 |  7- 9 || total
-------------------------+-------+-------+-------++-------
Melee: Unarmed           |    30 |    34 |    51 ||   115
Invok: Berserk           |       |       |     1 ||     1
  Use: Potion            |     1 |     2 |     7 ||    10
       Scroll            |       |     1 |     1 ||     2
 Stab: Sleeping          |     1 |     5 |     1 ||     7
  Eat: Chunk             |       |       |     2 ||     2
